 Dungeon Crawl Stone Soup version 0.30-a0-25-gacc37e2db0 (webtiles) character file.

Game seed: 12042099139848067514

74 Plasmagod the Chopper (level 4, 0/36 (39) HPs)
             Began as a Hill Orc Fighter on Aug 25, 2022.
             Slain by a hell rat (9 damage)
             ... in a sewer.
             The game lasted 00:02:20 (2245 turns).

Plasmagod the Chopper (Hill Orc Fighter)            Turns: 2245, Time: 00:02:20

HP:   0/36 (39)     AC:  8    Str: 20    XL:     4   Next: 28%
MP:   4/4           EV:  9    Int:  8    God:
Gold: 76            SH:  4    Dex: 10    Spells: 3/3 levels left

rFire   . . .      SeeInvis .    a - +0 war axe
rCold   . . .      Faith    .    c - +0 buckler
rNeg    . . .      Spirit   .    b - +0 scale mail
rPois   .          Reflect  .    k - +0 helmet
rElec   .          Harm     .    (no cloak)
rCorr   .          Rampage  .    (no gloves)
Will    .....                    (no boots)
Stlth   ..........               (no amulet)
HPRegen 0.12/turn                (no ring)
MPRegen 0.09/turn                (no ring)

@: drained
A: no striking features
a: no special abilities


You were in a sewer.
You visited 1 branch of the dungeon, and saw 3 of its levels.
You also visited: Sewer.

You collected 76 gold pieces.

Inventory:

Hand Weapons
 a - a +0 war axe (weapon)
Missiles
 o - 5 atropa-tipped darts (quivered)
Armour
 b - a +0 scale mail (worn)
 c - a +0 buckler (worn)
 k - a +0 helmet (worn)
Wands
 j - a wand of paralysis (13)
Scrolls
 e - a scroll of acquirement {unknown}
 f - a scroll of teleportation {unknown}
 g - 3 scrolls of identify {unknown}
 h - 2 scrolls of noise {unknown}
 i - a scroll of enchant weapon {unknown}
Potions
 d - a potion of might
 l - a potion of flight {unknown}
 m - a potion of attraction {unknown}
 n - a potion of haste {unknown}
 p - a potion of curing {unknown}


   Skills:
 - Level 3.6 Fighting
 + Level 5.9 Axes
 - Level 3.2 Armour
 - Level 3.2 Shields


You had 3 spell levels left.
You didn't know any spells.
Your spell library contained the following spells:

 Spells                   Type           Power      Damage    Failure   Level
 Dazzling Flash           Conj/Hex       0%         N/A       99%         3
 Agony                    Necr           0%         N/A       100%        5
 Silence                  Hex/Air        0%         N/A       100%        5


Dungeon Overview and Level Annotations

Branches:
Dungeon (3/15)              Sewer (1/1)

Altars:
The Shining One


Message History

The hell rat moves out of view.
Found four items.
Found a gate leading back out of this place.
No target in view!
You enter the shallow water.
Moving in this stuff is going to be slow.
Found three items.
The hell rat bites you.
You feel drained.
There is an open door, spattered with blood here.
You closely miss the hell rat. The hell rat barely misses you.
You hit the hell rat but do no damage. The hell rat completely misses you.
The hell rat bites you!
You feel drained.
You hit the hell rat.
The hell rat is lightly wounded.
You block the hell rat's attack.
You barely miss the hell rat.
The hell rat is lightly wounded.
You block the hell rat's attack.
The hell rat splashes around in the water.
You hit the hell rat.
The hell rat is moderately wounded.
The hell rat splashes around in the water.
You hit the hell rat but do no damage.
The hell rat is moderately wounded.
You block the hell rat's attack. The hell rat bites you!
* * * LOW HITPOINT WARNING * * *
You barely miss the hell rat.
The hell rat is moderately wounded.
The hell rat barely misses you.
You completely miss the hell rat.
The hell rat is moderately wounded.
The hell rat barely misses you. You block the hell rat's attack.
You slash the hell rat!
The hell rat is severely wounded.
The hell rat twitches its whiskers.
You block the hell rat's attack.
You hit the hell rat but do no damage.
The hell rat is severely wounded.
The hell rat bites you!
You die...

###..~∩†~~#
###~..~~∩~~~..#
#~~~†~#####~....
##~~.###!∩?###~~~
#~~~##.?!!!?~##~.
#...#~~~~~~~~.#
~. #~..##~~~~~~.
.~~ ##...###.r.#
#~~.#
#~~.~.##@##~~...#
###..~~~~.~.~.#
###~~~.~~.###
#########


You could see a hell rat.

Vanquished Creatures
  An adder (D:2)
  2 river rats (Sewer)
  4 worms
  3 giant cockroaches
  A goblin (D:2)
  4 quokkas
  4 ball pythons (D:2)
  9 bats
  A frilled lizard (D:2)
  2 kobolds (D:2)
  10 rats
41 creatures vanquished.

Notes
Turn   | Place    | Note
-------+----------+-------------------------------------------
     0 | D:1      | Plasmagod the Hill Orc Fighter began the quest for the Orb.
     0 | D:1      | Reached XP level 1. HP: 19/19 MP: 1/1
    35 | D:1      | Reached skill level 3 in Axes
   350 | D:1      | Reached XP level 2. HP: 26/26 MP: 2/2
   685 | D:2      | Reached skill level 4 in Axes
  1039 | D:2      | Reached XP level 3. HP: 25/31 MP: 3/3
  1168 | D:2      | Found a faded altar of an unknown god.
  1219 | D:2      | Found a glowing golden altar of the Shining One.
  1277 | D:2      | Reached skill level 5 in Axes
  1815 | D:3      | Found a glowing drain.
  2034 | Sewer    | Entered a sewer
  2062 | Sewer    | Reached XP level 4. HP: 30/39 MP: 4/4
  2245 | Sewer    | Slain by a hell rat

Illustrated notes

Levels and vault maps discovered:
D:1:      eino_arrival_tree_alley, layout_basic, chequers_serial_rivers_small_b
D:2:      layout_loops_ring, nicolae_ecumenical_oubliette, basic_altar,
          minmay_misc_feat_room
D:3:      layout_loops_corners, mainiacjoe_overflow_catwalk,
          gup_sewer_entry_bubbles
Sewer:    sewer_hellmonk_bad_rat

Skill      XL: |  1  2  3 |
---------------+----------+-----
Axes           | 3 4 5 |  5.9
Fighting       | |  3.6
Armour         | |  3.2
Shields        | |  3.2

Action                   |  1- 3 |  4- 6 || total
-------------------------+-------+-------++-------
Melee: War axe           |   138 |    21 ||   159
Armor: Scale mail        |    55 |     2 ||    57
Dodge: Dodged            |    55 |    10 ||    65
Block: Buckler           |    20 |     6 ||    26

Table legend: (Time is in decaauts)
 A = Elapsed time spent in this place.
 B = Non-inter-level travel time spent in this place.
 C = Inter-level travel time spent in this place.
 D = Time resting spent in this place.
 E = Time spent auto-exploring this place.
 F = Levels seen in this place.
 G = Mean time per level.
                   A        B        C        D        E       F      G
               +--------+--------+--------+--------+--------+-----+--------+
         Total |   2317 |   2271 |     46 |    211 |   1635 |   4 |  579.2 |
       Dungeon |   2091 |   2045 |     46 |    211 |   1479 |   3 |  697.0 |
         Sewer |    225 |    225 |      0 |      0 |    155 |   1 |  225.0 |
               +--------+--------+--------+--------+--------+-----+--------+

Top non-repeatable levels by time:
     D:2: 1044 daAuts
     D:1: 671 daAuts
     D:3: 376 daAuts
   Sewer: 225 daAuts
